Workbook

Sheet Planilha orçamentária
A1: PLANILHA DE ORÇAMENTO
A2: PREFEITURA MUNICIPAL DE SARZEDO
A3: PROJETO: Execução de projetos necessários para construção da Casa Segura para o Idoso, sua piscina e cobertura de sua academia | E3: LOCAL: Rua Geraldo Pinheiro Diniz, S/N – B. Santa Rosa
A4: DATA BASE: Orçamentos | E4: BDI Calculado: | F4: =BDI!B21 -> 0.2197674
A5: PRAZO DE EXECUÇÃO: 2 meses | E5: Planilhas de Referência: Orçamentos
A6: Item | B6: Referência | C6: Código | D6: Descrição do Serviço | E6: Unid. | F6: Quantidade Prevista (A) | G6: Preço Unitário (R$) (B) | H6: Preço Unitário + BDI (R$) (C) | I6: Valor previsto total (R$) (AxC)
A7: 1 | B7: Projetos | I7: =I8 -> 116603.85
A8: 1.1 | B8: COMPOSIÇÃO | C8: =Composição!C4 -> ORÇ. 01 | D8: ELABORAÇÃO DE PROJETOS ARQUITETÔNICO, ESTRUTURAL, SONDAGENS, ELÉTRICO, HIDROSSANITÁRIO, SPDA, COMBATE A INCÊNDIO, CLIMATIZAÇÃO, TOPOGRÁFICO, ESTRUTURA METÁLICA, PLANILHA ORÇAMENTÁRIA, MEMORIAL DESCRITIVO E CRONOGRAMA | E8: Unid. | F8: 1 | G8: =Composição!F5 -> 95595.152 | H8: =ROUND(G8*(1+F4),2) -> 116603.85 | I8: =H8*F8 -> 116603.85
A9: Valor total da obra | I9: =I8 -> 116603.85
A10: SARZEDO, 23 DE JANEIRO DE 2023
A11: RESPONSÁVEL TÉCNICO

Sheet Cronograma
A1: CRONOGRAMA FÍSICO-FINANCEIRO
A3: MUNICÍPIO: PREFEITURA MUNICIPAL DE SARZEDO
A4: PROJETO: Execução de projetos necessários para construção da Casa Segura para o Idosos, sua piscina e cobertura de sua academia | C4: LOCAL: Rua Geraldo Pinheiro Diniz, S/N – B. Santa Rosa
A5: REGIÃO E DATA BASE: Orçamentos | C5: BDI Calculado: | D5: =BDI!B21 -> 0.2197674
A6: PRAZO DE EXECUÇÃO: 2 meses | C6: Planilhas de Referência: Orçamentos
A8: ITEM | C8: CUSTO | D8: INCID. | E8: MES 01 | F8: MES 02 | G8: TOTAL
A9: 1 | B9: ='Planilha orçamentária'!D8 -> ELABORAÇÃO DE PROJETOS ARQUITETÔNICO, ESTRUTURAL, SONDAGENS, ELÉTRICO, HIDROSSANITÁRIO, SPDA, COMBATE A INCÊNDIO, CLIMATIZAÇÃO, TOPOGRÁFICO, ESTRUTURA METÁLICA, PLANILHA ORÇAMENTÁRIA, MEMORIAL DESCRITIVO E CRONOGRAMA | C9: ='Planilha orçamentária'!I8 -> 116603.85 | D9: =C9/C11 -> 1 | E9: ELABORAÇÃO DE PROJETOS ARQUITETÔNICO, ESTRUTURAL E DE SONDAGENS | F9: ELABORAÇÃO DE PROJETOS ELÉTRICO, HIDROSSANITÁRIO, SPDA, COMBATE A INCÊNDIO, CLIMATIZAÇÃO, TOPOGRÁFICO, ESTRUTURA METÁLICA, PLANILHA ORÇAMENTÁRIA, MEMORIAL DESCRITIVO E CRONOGRAMA | G9: =D9 -> 1
B11: TOTAL | C11: =C9 -> 116603.85 | D11: =D9 -> 1 | G11: =C9 -> 116603.85
B12: % MENSAL
B13: % ACUMULADO | F13: 1

Sheet Composição
B2: COMPOSIÇÃO 01
B3: REFERÊNCIA | C3: CÓDIGO | D3: =Equalização!B4 -> ELABORAÇÃO DE PROJETOS ARQUITETÔNICO, ESTRUTURAL, ELÉTRICO, HIDROSSANITÁRIO, SPDA, COMBATE A INCÊNDIO, CLIMATIZAÇÃO, TOPOGRÁFICO, ESTRUTURA METÁLICA, PLANILHA ORÇAMENTÁRIA, MEMORIAL DESCRITIVO E CRONOGRAMA | E3: UNID | F3: CUSTO UNIT
B4: EQUALIZAÇÃO | C4: ORÇ. 01 | E4: UN. | F4: =Equalização!F7 -> 95595.152
B5: TOTAL | F5: =SUBTOTAL(9,F4:F4) -> 95595.152

Sheet Equalização
B2: ORÇAMENTO
B3: ITEM | C3: UNIDADE | D3: EMPRESA | E3: VALOR | F3: VALOR S/ BDI
B4: ELABORAÇÃO DE PROJETOS ARQUITETÔNICO, ESTRUTURAL, ELÉTRICO, HIDROSSANITÁRIO, SPDA, COMBATE A INCÊNDIO, CLIMATIZAÇÃO, TOPOGRÁFICO, ESTRUTURA METÁLICA, PLANILHA ORÇAMENTÁRIA, MEMORIAL DESCRITIVO E CRONOGRAMA | C4: U | D4: FREITAS FERREIRA | E4: 79811.55 | F4: =E4/(1+BDI!B$21) -> 65431.778
D5: GC ENGENHARIA | E5: 115000 | F5: =E5/(1+BDI!B$21) -> 94280.27
D6: OBREE | E6: 155000 | F6: =E6/(1+BDI!B$21) -> 127073.41
B7: VALOR DA EQUALIZAÇÃO | F7: =AVERAGE(F4:F6) -> 95595.152

Sheet BDI
A1: DEMOSTRATIVO DA BONIFICAÇÃO E DESPESAS INDIRETAS B.D.I.
A4: PREFEITURA MUNICIPAL DE SARZEDO | B4: Planilhas de Referência: Orçamentos
A5: PROJETO: Execução de projetos necessários para construção da Casa Segura para o Idoso, sua piscina e cobertura de sua academia | B5: LOCAL: Rua Geraldo Pinheiro Diniz, S/N – B. Santa Rosa
A6: 1 - ADMINISTRAÇÃO CENTRAL - AC | B6: 0.015
A7: 2 - SEGUROS - S + GARANTIAS - G (S+G) | B7: 0.003
A8: 3 - RISCOS - R | B8: 0.0056
A9: 4 - TRIBUTOS - T | B9: 0.094
A10: 5 - LUCRO - L | B10: 0.07
A11: 6 - CPRB- INSS - E | B11: 0
A12: 7 - DESPESAS FINANCEIRAS - DF | B12: 0.009
A15: Fórmula do BDI =
A18: BDI =
A21: BDI (%) = | B21: =(1+B6+B7+B8)*(1+B12)*(1+B10)/(1-B9-B11)-1 -> 0.2197674
